[Event "XTX Markets LCC Super Blitz-S2 2024"]
[Site "London"]
[Date "2024.12.07"]
[Round "4.1"]
[White "Vachier-Lagrave, Maxime"]
[Black "Firouzja, Alireza"]
[Result "1/2-1/2"]
[Annotator "TA"]
[ECO "B48"]
[WhiteElo "2731"]
[BlackElo "2763"]
[PlyCount "108"]
[EventDate "2024.11.28"]
[EventType "tourn"]
[EventCountry "ENG"]
[SourceTitle "playchess.com"]
[Source "ChessBase"]
[SourceQuality "1"]
[TimeControl "180+2"]

1. e4 c5 2. Nf3 e6 3. d4 cxd4 4. Nxd4 Nc6 5. Nc3 Qc7 6. Be3 a6 7. Qf3 {[%emt 0:00:02] B48: Sicilian: Taimanov: 5 Nc3 Qc7 6 Be3 a6 without Be2.} h5 8. Qg3 d6 9. h4 Nf6 10. Be2 Ne5 11. f3 $146 ({Predecessor:} 11. a4 b6 12. Nb3 Bb7 13. f3 Nfd7 14. Nd2 g6 15. f4 Nc6 16. f5 Nce5 17. fxe6 fxe6 {1-0 Fedoseev,V (2678)-Haring,F (2306) Titled Tuesday intern op 6th June blitz 2020 (3)}) 11... b5 12. a3 Bd7 13. O-O Be7 14. Rad1 O-O 15. Kh1 Rfe8 16. Bg5 Rab8 17. f4 Neg4 18. f5 e5 19. Bxg4 hxg4 20. Bxf6 Bxf6 21. Nd5 Qd8 22. Nxf6+ Qxf6 23. Ne2 b4 24. axb4 Rxb4 25. Qxg4 Bb5 26. Nc3 Bc6 (26... Bxf1 27. Nd5 $16) (26... Rxb2 $11) 27. b3 $14 Rc8 $2 (27... Rd4 $14) 28. Rf2 $2 (28. Rxd6 $1 $18 Qxd6 29. f6) 28... Rd4 $14 29. Rd3 (29. Rfd2 $1 $14) 29... Bb7 $11 30. Rxd4 exd4 31. Nd5 Bxd5 32. exd5 Re8 33. Kh2 Re3 34. Qf4 a5 35. Rd2 Re5 36. Qxd4 Qxf5 37. c4 (37. Rf2 $11 {keeps the balance.} Rxd5 38. Rxf5 Rxd4 39. Rxa5) 37... Re4 $1 $17 38. Qf2 $2 (38. Rf2 $17 {is a better chance.}) 38... Qe5+ $19 39. Kh3 Re3+ $2 (39... Re1 $19 40. g3 Rh1+ (40... Qe4 41. Qf4 $11) 41. Kg4 Qe4+ 42. Qf4 f5+ 43. Kh5 Qe8+ 44. Kg5 Rf1 45. Qxf1 Qe7+ 46. Kxf5 (46. Kf4 $2 Qe4+ 47. Kg5 Qg4#) 46... Qf7+ (46... Qf6+ $2 47. Ke4 $19) 47. Ke4 Qxf1) 40. g3 $11 Rxb3 41. Re2 (41. c5 $11) 41... Rxg3+ $1 $17 42. Qxg3 Qxe2 43. Qxd6 Qd3+ (43... Qxc4 44. Qd8+ Kh7 45. Qxa5 $11) 44. Kg2 $2 {[%emt 0:00:03] [#]} (44. Kh2 $19) 44... a4 $2 (44... Qxc4 45. Qd8+ Kh7 46. Qxa5 $11) (44... Qg6+ $1 45. Qxg6 fxg6 46. Kg3 Kf7 47. Kf4 a4 48. c5 a3 49. Ke3 a2 50. Kf4 a1=Q (50... a1=B $2 51. Ke4 $19) 51. Kf3 Qh1+ 52. Kf4 Qxd5 53. Ke3 Qxc5+ 54. Kd3 Ke6 55. Kd2 Qd4+ 56. Kc2 Kd5 (56... Qxh4 57. Kd3 Kd5 58. Kd2 Qd4+ 59. Ke2 Ke4 60. Kf1 Qd2 61. Kg1 Kf3 62. Kh1 Qg2#) 57. Kb3 Qd3+ (57... Qxh4 58. Kc3 Qd4+ 59. Kb3 Qd2 60. Ka4 Kc4 61. Ka3 Qh2 62. Ka4 Qa2#) 58. Kb2 Kc4 59. Ka2 Qe2+ 60. Kb1 Kc3 61. Kc1 Qf1#) 45. Qa6 $2 {[%emt 0:00:04] [#]} (45. Qc6 $19) 45... a3 $2 (45... Qg6+ $1 {mates} 46. Qxg6 fxg6 47. Kf2 a3 48. Ke3 Kf7 (48... a2 {gets mated.} 49. Ke4 Kf7 50. Ke3 a1=Q 51. Ke4 Qc3 52. c5 Qxc5 53. Kd3 Qxd5+ 54. Kc3 Ke7 55. Kb2 Kd6 56. Kc2 Kc5 57. Kc3 Qd4+ 58. Kb3 Qd2 59. h5 gxh5 60. Ka3 Kc4 61. Ka4 Qb4#) 49. Kf3 a2 50. Ke4 a1=Q (50... a1=B $2 51. Kf3 $19) 51. Kd3 Ke7 52. c5 Qe5 53. d6+ Ke6 54. Kc4 Qe3 (54... Qe2+ 55. Kc3 Qd1 56. Kc4 Qd5+ 57. Kc3 Qxc5+ 58. Kd3 Qxd6+ 59. Ke2 Qg3 60. Kd2 Kd5 61. h5 gxh5 62. Kc2 Kc4 63. Kc1 Qf2 64. Kd1 Kc3 65. Kc1 Qg1#) 55. d7 Kxd7 56. Kd5 Qf4 57. c6+ Kc7 58. Kc5 Qe4 (58... Qxh4 {is a self mate.} 59. Kd5 Qf4 60. Kc5 Qe4 61. Kb5 Qd4 62. Ka5 Kxc6 63. Ka6 Qb6#) 59. h5 gxh5 60. Kb5 Qd4 (60... Qxc6+ 61. Kb4 Qc2 62. Ka3 Qb1 63. Ka4 Kc6 64. Ka3 Kc5 65. Ka4 Qb4#) 61. Ka5 Kxc6 62. Ka6 Qb6#) 46. d6 $19 Qd2+ (46... Kh7 $19 {Threatens to win with ...f6.} 47. Kf2 Qd2+ 48. Kf3 a2) 47. Kg3 (47. Kf3 $11 {and White is okay.}) 47... a2 $2 (47... Qe3+ $19 48. Kg2 Kh7) 48. d7 $1 $11 Qd3+ (48... Qxd7 49. Qxa2 Qd3+ 50. Kf4) 49. Kf2 Qxd7 50. Qxa2 Qd4+ 51. Kg3 Qe3+ 52. Kg2 Qe4+ 53. Kg3 Qe3+ 54. Kg2 Qe4+ 1/2-1/2

[Event "XTX Markets LCC Super Blitz-S2 2024"]
[Site "London"]
[Date "2024.12.07"]
[Round "4.2"]
[White "Vidit, Santosh Gujrathi"]
[Black "Jones, Gawain C B"]
[Result "0-1"]
[Annotator "ChessBase"]
[ECO "E94"]
[WhiteElo "2727"]
[BlackElo "2639"]
[PlyCount "108"]
[EventDate "2024.11.28"]
[EventType "tourn"]
[EventCountry "ENG"]
[SourceTitle "playchess.com"]
[Source "ChessBase"]
[SourceQuality "1"]
[TimeControl "180+2"]

1. d4 Nf6 2. c4 g6 3. Nc3 Bg7 4. e4 d6 5. Nf3 O-O 6. Be2 e5 7. O-O h6 8. Re1 a5 9. h3 Nbd7 10. Be3 Re8 11. Qc2 exd4 12. Nxd4 Nc5 13. Bf3 Nh7 14. Nb3 Ng5 15. Bxg5 Qxg5 16. Nd5 Ne6 17. a4 Be5 18. g3 c6 19. h4 Qd8 20. Ne3 Nd4 21. Nxd4 Bxd4 22. Bg2 Qf6 23. Re2 h5 24. Rd1 Bg4 25. Nxg4 hxg4 26. b3 Bc5 27. Rd3 Kg7 28. Kf1 Re5 29. Qd2 Rh8 30. Qd1 g5 31. h5 Rxh5 32. Rc2 Qe6 33. Rcd2 Rxe4 34. Re2 Rxe2 35. Qxe2 Qxe2+ 36. Kxe2 Rh2 37. Kf1 f5 38. Rd2 Kf6 39. Re2 f4 40. gxf4 gxf4 41. f3 g3 42. Re8 Rh7 43. Ke2 d5 44. cxd5 cxd5 45. Kd3 Rh2 46. Re2 Bf2 47. Bf1 g2 48. Bxg2 Rxg2 49. Rc2 Rh2 50. Rc7 b6 51. Rc6+ Ke5 52. Rg6 Be3 53. Rg5+ Kd6 54. Rg6+ Kc5 0-1

[Event "XTX Markets LCC Super Blitz-S2 2024"]
[Site "London"]
[Date "2024.12.07"]
[Round "4.3"]
[White "Smirin, Ilia"]
[Black "Stefansson, Vignir Vatnar"]
[Result "0-1"]
[Annotator "ChessBase"]
[ECO "C41"]
[WhiteElo "2574"]
[BlackElo "2537"]
[PlyCount "118"]
[EventDate "2024.11.28"]
[EventType "tourn"]
[EventCountry "ENG"]
[SourceTitle "playchess.com"]
[Source "ChessBase"]
[SourceQuality "1"]
[TimeControl "180+2"]

1. e4 d6 2. d4 Nf6 3. Nc3 e5 4. Nf3 Nbd7 5. Bc4 Be7 6. O-O c6 7. a4 a5 8. Re1 h6 9. b3 O-O 10. Bb2 Re8 11. h3 Bf8 12. Bf1 exd4 13. Nxd4 Nc5 14. Qf3 Bd7 15. Rad1 Qc7 16. Nf5 Bxf5 17. Qxf5 Re5 18. Qf4 Rae8 19. f3 Qb6 20. Kh2 d5 21. Ne2 Bd6 22. Kh1 R5e6 23. Qh4 dxe4 24. Nd4 Re5 25. f4 Rh5 26. Qg3 Qc7 27. Nb5 cxb5 28. Bxf6 Ne6 29. Qg4 Rc5 30. f5 h5 31. Qxe4 gxf6 32. Bxb5 Re5 33. Qh4 Rxe1+ 34. Qxe1 Ng7 35. Bxe8 Nxf5 36. Rd3 Qxc2 37. Bb5 Qc7 38. Rf3 Ng3+ 39. Rxg3+ Bxg3 40. Qe8+ Kg7 41. Bc4 h4 42. Qe4 Bf4 43. Qf3 b6 44. Qg4+ Bg5 45. Qe4 Qd6 46. Bd3 Qc5 47. Bc4 Qa3 48. Qe1 Qb2 49. Qf1 Qd2 50. Qe2 Qd4 51. Qd3 Qb2 52. Qe2 Qc1+ 53. Qf1 Qe3 54. Qe2 Qe5 55. Qf1 Bf4 56. Qd1 f5 57. Kg1 Qe3+ 58. Kf1 Bg3 59. Qa1+ f6 0-1

[Event "XTX Markets LCC Super Blitz-S2 2024"]
[Site "London"]
[Date "2024.12.07"]
[Round "4.4"]
[White "Vitiugov, Nikita"]
[Black "Adams, Michael"]
[Result "1/2-1/2"]
[Annotator "ChessBase"]
[ECO "D03"]
[WhiteElo "2668"]
[BlackElo "2662"]
[PlyCount "140"]
[EventDate "2024.11.28"]
[EventType "tourn"]
[EventCountry "ENG"]
[SourceTitle "playchess.com"]
[Source "ChessBase"]
[SourceQuality "1"]
[TimeControl "180+2"]

1. d4 Nf6 2. Bg5 d5 3. e3 Nbd7 4. Nf3 h6 5. Bh4 e6 6. Nbd2 Be7 7. Bd3 b6 8. c3 Bb7 9. Qe2 Ne4 10. Bg3 Nxd2 11. Nxd2 O-O 12. O-O Nf6 13. Bh4 Nd7 14. Bxe7 Qxe7 15. f4 Nf6 16. Nf3 c5 17. Ne5 Ne4 18. a4 Rfd8 19. a5 Rac8 20. axb6 axb6 21. Bxe4 dxe4 22. Ra7 Rc7 23. Qb5 cxd4 24. cxd4 Bd5 25. Rxc7 Qxc7 26. Qb4 f6 27. Ng4 Rc8 28. h3 b5 29. f5 h5 30. Nh2 Qg3 31. Qd2 Bc4 32. Qf2 Qxf2+ 33. Rxf2 exf5 34. Rxf5 Bd3 35. Rxh5 Rc1+ 36. Kf2 Rc2+ 37. Kg3 Rxb2 38. Ng4 Bf1 39. Nf2 Re2 40. Rxb5 Rxe3+ 41. Kf4 Re2 42. Rb8+ Kh7 43. Nxe4 Bxg2 44. Nc5 Bxh3 45. d5 Re5 46. Rd8 g5+ 47. Kg3 Bf5 48. Na6 Re3+ 49. Kf2 Rd3 50. Nc5 Rc3 51. Na6 Kg6 52. d6 Rd3 53. Nc5 Rd5 54. Na4 Be6 55. Nc3 Rd3 56. Ne4 Bf5 57. Ng3 Bg4 58. Ne4 Kf5 59. Nc5 Rd5 60. d7 Kf4 61. Rf8 Bxd7 62. Nxd7 Rxd7 63. Rxf6+ Kg4 64. Kg1 Kg3 65. Rf1 Rd3 66. Ra1 g4 67. Rb1 Kh3 68. Ra1 g3 69. Rb1 Rd2 70. Ra1 Rc2 1/2-1/2

[Event "XTX Markets LCC Super Blitz-S2 2024"]
[Site "London"]
[Date "2024.12.07"]
[Round "5.1"]
[White "Adams, Michael"]
[Black "Vachier-Lagrave, Maxime"]
[Result "0-1"]
[Annotator "RC"]
[ECO "B53"]
[WhiteElo "2662"]
[BlackElo "2731"]
[PlyCount "146"]
[EventDate "2024.11.28"]
[EventType "tourn"]
[EventCountry "ENG"]
[SourceTitle "playchess.com"]
[Source "ChessBase"]
[SourceQuality "1"]
[TimeControl "180+2"]

1. e4 c5 2. Nf3 d6 3. Nc3 Nf6 4. d4 cxd4 5. Qxd4 Nc6 6. Qe3 g6 7. Bc4 Bg7 8. h3 O-O 9. O-O Bd7 10. Rd1 Rc8 11. Bf1 Qc7 12. a3 Rfd8 13. Qe1 Qb8 14. Bf4 a6 15. Rac1 b5 16. Nd5 Be6 17. c3 Qb7 18. Qe3 Bxd5 19. exd5 Na5 20. Bh6 Nxd5 21. Qg5 Nf6 22. Bxg7 Kxg7 23. Nd4 Kh8 24. Re1 Nc6 25. Nf3 Kg7 26. Rcd1 e6 27. Rd3 Ne7 28. Nd4 h6 29. Qd2 e5 30. Nc2 Qc7 31. Nb4 a5 32. Nc2 Rb8 33. Rde3 Nf5 34. Rf3 d5 35. Ne3 Nh4 36. Rxf6 Kxf6 37. Ng4+ Ke6 38. Rxe5+ Kd7 39. Rxd5+ Kc8 40. Rxd8+ Qxd8 41. Qe3 Nf5 42. Qc5+ Qc7 43. Qd5 Qd7 44. Qc5+ Qc7 45. Qd5 Qd7 46. Qe4 Qe6 47. Qf4 h5 48. Ne5 Rb6 49. Nd3 Qd6 50. Qe4 Qc6 51. Qe5 Qc7 52. Qe8+ Kb7 53. g3 Ka7 54. Bg2 Rb8 55. Qe4 Nd6 56. Qe5 Re8 57. Qd5 h4 58. gxh4 Qb6 59. b4 axb4 60. axb4 Qc7 61. Kf1 Rd8 62. Qd4+ Qb6 63. Nc5 Nc4 64. Qf4 f5 65. Kg1 Rd1+ 66. Bf1 Nd2 67. Kg2 Qc6+ 68. f3 Nxf1 69. Qe5 Rd2+ 70. Kg1 Nh2 71. Qe7+ Kb6 72. Na4+ bxa4 73. Qe3+ Kb7 0-1

[Event "XTX Markets LCC Super Blitz-S2 2024"]
[Site "London"]
[Date "2024.12.07"]
[Round "5.2"]
[White "Stefansson, Vignir Vatnar"]
[Black "Vitiugov, Nikita"]
[Result "0-1"]
[Annotator "ChessBase"]
[ECO "E06"]
[WhiteElo "2537"]
[BlackElo "2668"]
[PlyCount "122"]
[EventDate "2024.11.28"]
[EventType "tourn"]
[EventCountry "ENG"]
[SourceTitle "playchess.com"]
[Source "ChessBase"]
[SourceQuality "1"]
[TimeControl "180+2"]

1. d4 Nf6 2. c4 e6 3. g3 d5 4. Bg2 Be7 5. Nf3 O-O 6. Nc3 c6 7. Qd3 b6 8. Ne5 a5 9. O-O Ba6 10. b3 Nfd7 11. Nf3 Nf6 12. Rd1 Nbd7 13. e4 Rc8 14. e5 Ne8 15. a4 Nc7 16. h4 h6 17. Bd2 Bb4 18. Rac1 Qe7 19. Bf1 c5 20. Nb5 Nxb5 21. cxb5 Bxd2 22. Qxd2 Bb7 23. Bd3 cxd4 24. Bb1 Rc5 25. Qd3 f5 26. Nxd4 Rfc8 27. Qe3 R8c7 28. Rc2 Rxc2 29. Bxc2 Nc5 30. f3 Nd7 31. Rd2 Rc5 32. h5 Nf8 33. g4 fxg4 34. fxg4 Qh4 35. Rg2 Rc7 36. Qg3 Qg5 37. Rf2 Bc8 38. Qf3 Qd8 39. Nc6 Qe8 40. Qd3 Rf7 41. Qe3 Rxf2 42. Kxf2 Nd7 43. Qd3 Nf8 44. Kg2 Bb7 45. Nd4 Bc8 46. Qe3 Bd7 47. Ne2 Qd8 48. Nf4 Qh4 49. Qg3 Qg5 50. Ne2 Qd2 51. Qd3 Qg5 52. Kg3 Be8 53. Nf4 Qxe5 54. Kf3 Bf7 55. Qe3 Qc7 56. Qd2 e5 57. Nxd5 Qd8 58. Be4 Ne6 59. Kg3 Nc5 60. Bg2 e4 61. Qf4 Qxd5 0-1

[Event "XTX Markets LCC Super Blitz-S2 2024"]
[Site "London"]
[Date "2024.12.07"]
[Round "5.3"]
[White "Jones, Gawain C B"]
[Black "Smirin, Ilia"]
[Result "1-0"]
[Annotator "ChessBase"]
[ECO "A49"]
[WhiteElo "2639"]
[BlackElo "2574"]
[PlyCount "66"]
[EventDate "2024.11.28"]
[EventType "tourn"]
[EventCountry "ENG"]
[SourceTitle "playchess.com"]
[Source "ChessBase"]
[SourceQuality "1"]
[TimeControl "180+2"]

1. Nf3 Nf6 2. g3 g6 3. b3 d6 4. d4 Bg7 5. Bb2 O-O 6. Bg2 c5 7. O-O cxd4 8. Nxd4 d5 9. c4 e5 10. Nf3 e4 11. Nd4 dxc4 12. bxc4 e3 13. fxe3 Ng4 14. Qb3 Qe7 15. Rf3 Nc6 16. Nxc6 bxc6 17. Bxg7 Kxg7 18. Qc3+ Kg8 19. Nd2 Re8 20. Raf1 f6 21. Rf4 Qxe3+ 22. Qxe3 Nxe3 23. Bxc6 Nxf1 24. Kxf1 Bh3+ 25. Kf2 Kg7 26. Bxa8 Rxa8 27. g4 h5 28. gxh5 gxh5 29. Ne4 Rf8 30. c5 Be6 31. Nd6 Bxa2 32. c6 Be6 33. Re4 Bh3 1-0

[Event "XTX Markets LCC Super Blitz-S2 2024"]
[Site "London"]
[Date "2024.12.07"]
[Round "5.4"]
[White "Firouzja, Alireza"]
[Black "Vidit, Santosh Gujrathi"]
[Result "1-0"]
[Annotator "TA"]
[ECO "D04"]
[WhiteElo "2763"]
[BlackElo "2727"]
[PlyCount "83"]
[EventDate "2024.11.28"]
[EventType "tourn"]
[EventCountry "ENG"]
[SourceTitle "playchess.com"]
[Source "ChessBase"]
[SourceQuality "1"]
[TimeControl "180+2"]

1. Nf3 d5 2. b3 c5 3. e3 Nf6 4. Bb2 g6 5. Be2 Bg7 6. O-O O-O 7. d4 Ne4 8. Nbd2 Nc6 9. c3 cxd4 10. cxd4 Bf5 {[%emt 0:00:02] The position is equal.} 11. Rc1 Rc8 12. a3 Qb6 13. b4 Rfd8 14. Nxe4 Bxe4 15. Nd2 Bf5 16. Nb3 a6 17. Qd2 Na7 18. Rc5 Nb5 19. Rfc1 (19. Bf3 $1 $14) 19... Nd6 $11 20. Qe1 (20. Rxd5 $2 Be6 21. Rxc8 Rxc8 22. Rxd6 exd6 $19) 20... Ne4 21. Rxc8 Rxc8 22. Nc5 Nd6 23. g4 Be6 24. Nxe6 Rxc1 25. Qxc1 fxe6 26. Bd3 Qd8 27. Kg2 Qd7 28. Qc2 {[%emt 0:00:08] [#]} (28. Be2 $14) 28... e5 $1 29. h3 (29. Be2 e4) 29... exd4 30. Bxd4 Bxd4 31. exd4 $15 {[%emt 0:00:00][%mdl 4096] Endgame. KQB-KQN} b5 32. Qe2 Nc4 33. h4 Nxa3 34. h5 gxh5 {[%emt 0:00:00] [#]} (34... Kf7 $11) 35. Bf5 $1 $16 {[%emt 0:00:07] White is more active.} Qd6 {[%emt 0:00:00] [#]} 36. g5 {[%emt 0:00:00] Dodges Qf6} (36. Qe3 $1 $16 {[%cal Re3g5] And now Qg5+ would win.} Nc4 37. Be6+ Kf8 (37... Kh8 $2 38. Qh6 $18) 38. Qh6+ Ke8 39. Qxh5+ (39. gxh5 Nd2 $11) 39... Kd8 40. Qxd5 (40. Bxd5 Qf4 $11) 40... Qxd5+ 41. Bxd5) 36... Nc4 $2 {[%emt 0:00:02][%mdl 8192] Black cannot hold the game after this.} (36... e6 $11 37. Qxe6+ (37. Bxe6+ Kg7 $14) 37... Qxe6 38. Bxe6+ Kf8) 37. Qxh5 Qf4 38. Bxh7+ (38. Qxh7+ $142 Kf8 39. Qh8+ Kf7 40. g6#) 38... Kf8 $18 39. Bg6 e6 40. Qh8+ {[%emt 0:00:03] White mates.} Ke7 41. Qe8+ Kd6 42. Qb8+ {[%emt 0:00:01] Weighted Error Value: White=0.16 (very precise) /Black=0.61.  Loses game:     	---       	Black=1      Mistake:       	White=3     	Black=1      Inaccurate:     	White=2     	Black=4      OK:         	White=13    	Black=12     Best:        	White=1     	---        Strong:       	White=1     	---} 1-0

[Event "XTX Markets LCC Super Blitz-S2 2024"]
[Site "London"]
[Date "2024.12.07"]
[Round "6.1"]
[White "Vachier-Lagrave, Maxime"]
[Black "Vidit, Santosh Gujrathi"]
[Result "0-1"]
[Annotator "TA"]
[ECO "B84"]
[WhiteElo "2731"]
[BlackElo "2727"]
[PlyCount "76"]
[EventDate "2024.11.28"]
[EventType "tourn"]
[EventCountry "ENG"]
[SourceTitle "playchess.com"]
[Source "ChessBase"]
[SourceQuality "1"]
[TimeControl "180+2"]

1. e4 c5 2. Nf3 d6 3. d4 cxd4 4. Nxd4 Nf6 5. Nc3 a6 6. Be3 e6 7. Be2 Nbd7 8. f4 b5 9. a3 Bb7 10. Bf3 Rc8 11. O-O {[%emt 0:00:19] The position is equal.} Qc7 12. Qe1 h5 13. h3 h4 (13... e5 $11) 14. Rd1 Be7 15. Qe2 Qc4 16. Qf2 {[%emt 0:00:20][%cal Oe4e5] And now e5! would win.} Qc7 17. Nde2 Nc5 18. e5 dxe5 19. fxe5 Qxe5 20. Bf4 Qf5 21. Nd4 Qg6 (21... Qxf4 22. Bc6+ Rxc6 23. Qxf4 $16) 22. Bxb7 Nxb7 23. Nf3 Nh5 ({Black should play} 23... Ne4 $17 24. Qe2 (24. Nxe4 Qxe4 25. Nd4 O-O $17) 24... Nxc3 25. bxc3 Nc5 (25... Rxc3 $2 {is the wrong capture.} 26. Qd2 $18) (25... Bxa3 26. Ra1 $15)) 24. Ne5 (24. Be5 $1 $15 Ng3 25. Rfe1) 24... Qf5 $19 25. Be3 Qxf2+ ({Stronger than} 25... Qxe5 26. Qxf7#) 26. Rxf2 Nf6 27. Bg5 $2 {[%emt 0:00:09] [#] This move loses the game for White.} (27. Rfd2 $17) 27... Bc5 28. Nf3 Bxf2+ 29. Kxf2 Nc5 30. Ke3 {[%emt 0:00:02] Repels Nce4} Ncd7 31. Bxh4 Nb6 {[%emt 0:00:01] Hoping for ...Nc4+.} 32. Kd2 Nc4+ 33. Kc1 {[%emt 0:00:01] [#]} Nxa3 $1 34. Rd4 (34. Rd6 Nxc2) 34... Nc4 35. Bxf6 gxf6 {[%emt 0:00:02] Black is clearly winning.} 36. Ne4 Ke7 37. Rd1 Ne3 38. Rd2 Rhd8 {[%emt 0:00:01] Weighted Error Value: White=0.30/Black=0.12 (very precise) .  Loses game:     	White=1     	---        Mistake:       	White=1     	Black=2      OK:         	White=9     	Black=14     Best:        	White=2     	---} 0-1

[Event "XTX Markets LCC Super Blitz-S2 2024"]
[Site "London"]
[Date "2024.12.07"]
[Round "6.2"]
[White "Smirin, Ilia"]
[Black "Firouzja, Alireza"]
[Result "0-1"]
[Annotator "ChessBase"]
[ECO "B15"]
[WhiteElo "2574"]
[BlackElo "2763"]
[PlyCount "74"]
[EventDate "2024.11.28"]
[EventType "tourn"]
[EventCountry "ENG"]
[SourceTitle "playchess.com"]
[Source "ChessBase"]
[SourceQuality "1"]
[TimeControl "180+2"]

1. e4 c6 2. d4 d5 3. Nd2 dxe4 4. Nxe4 Nf6 5. Nxf6+ exf6 6. Bd3 Qxd4 7. Nf3 Qd8 8. O-O Be7 9. Qe2 O-O 10. Rd1 Nd7 11. Bf4 Re8 12. Bf5 g6 13. Nd4 Qb6 14. Be3 Bc5 15. Bxd7 Bxd7 16. Qc4 Bg4 17. Rd3 Qxb2 18. Rf1 Qb4 19. Qxb4 Bxb4 20. Rb3 c5 21. Nb5 Be2 22. Nc7 Bxf1 23. Kxf1 b6 24. a3 Ba5 25. g3 Rxe3 26. Rxe3 Rd8 27. c4 Kf8 28. Nd5 f5 29. Rb3 Rd6 30. Ke2 Re6+ 31. Kd3 Re4 32. Ne3 Rd4+ 33. Ke2 Rd2+ 34. Kf3 Kg7 35. Nd5 Rd4 36. Ne3 Bd2 37. Nc2 Rxc4 0-1

[Event "XTX Markets LCC Super Blitz-S2 2024"]
[Site "London"]
[Date "2024.12.07"]
[Round "6.3"]
[White "Vitiugov, Nikita"]
[Black "Jones, Gawain C B"]
[Result "1-0"]
[Annotator "ChessBase"]
[ECO "D00"]
[WhiteElo "2668"]
[BlackElo "2639"]
[PlyCount "149"]
[EventDate "2024.11.28"]
[EventType "tourn"]
[EventCountry "ENG"]
[SourceTitle "playchess.com"]
[Source "ChessBase"]
[SourceQuality "1"]
[TimeControl "180+2"]

1. d4 Nf6 2. Bg5 g6 3. Bxf6 exf6 4. c4 d5 5. e3 dxc4 6. Bxc4 Bd6 7. Nc3 Nd7 8. h4 h5 9. Qc2 c6 10. Nf3 Nb6 11. Bb3 Bf5 12. Qe2 O-O 13. Bc2 Bg4 14. O-O-O Nd5 15. Nxd5 cxd5 16. Kb1 Qd7 17. Bd3 a6 18. Rc1 Rfc8 19. Rc2 Rxc2 20. Qxc2 Rc8 21. Qd2 Kg7 22. Ne1 Bf5 23. Bxf5 Qxf5+ 24. Nd3 Bb4 25. Qe2 a5 26. Rd1 Bd6 27. g3 Rc4 28. a3 b5 29. Re1 b4 30. axb4 axb4 31. Qd1 Qd7 32. Qb3 Qb5 33. Rd1 Qa5 34. Rc1 Qa6 35. Rd1 Qb5 36. Rc1 g5 37. Rh1 g4 38. Rc1 Kg6 39. Re1 Kg7 40. Rd1 Qa6 41. Rd2 Qb5 42. Rd1 Rc6 43. Rc1 Rxc1+ 44. Nxc1 Qc4 45. Qc2 Qf1 46. Ka2 Qa6+ 47. Kb1 Qf1 48. b3 Kf8 49. Kb2 Kg8 50. Nd3 Kg7 51. Nc5 Bxc5 52. dxc5 Qa6 53. c6 Qa3+ 54. Kb1 Qa8 55. c7 Qc8 56. Kb2 Kf8 57. Qc5+ Ke8 58. Qd6 Qd7 59. Qb6 Qc8 60. Qc6+ Ke7 61. Kc1 f5 62. Kd2 f4 63. gxf4 Kf8 64. Kd3 Kg7 65. Kd4 g3 66. fxg3 f6 67. Kxd5 Qf5+ 68. Kd6 Qd3+ 69. Qd5 Qa6+ 70. Kd7 Qa7 71. Qd4 Qb7 72. Kd8 Kf7 73. Qd7+ Kg6 74. c8=Q Qb6+ 75. Qcc7 1-0

[Event "XTX Markets LCC Super Blitz-S2 2024"]
[Site "London"]
[Date "2024.12.07"]
[Round "6.4"]
[White "Adams, Michael"]
[Black "Stefansson, Vignir Vatnar"]
[Result "1-0"]
[Annotator "ChessBase"]
[ECO "B07"]
[WhiteElo "2662"]
[BlackElo "2537"]
[PlyCount "89"]
[EventDate "2024.11.28"]
[EventType "tourn"]
[EventCountry "ENG"]
[SourceTitle "playchess.com"]
[Source "ChessBase"]
[SourceQuality "1"]
[TimeControl "180+2"]

1. e4 d6 2. d4 Nf6 3. Nc3 e5 4. Nf3 Nbd7 5. g3 c6 6. a4 g6 7. Bg2 Bg7 8. O-O O-O 9. Re1 Qc7 10. h3 a5 11. Be3 Re8 12. Qd2 exd4 13. Nxd4 Nc5 14. Bf4 Nh5 15. Bh6 Bd7 16. Rad1 Rad8 17. Bxg7 Nxg7 18. Nf3 Bc8 19. Qh6 Nge6 20. b3 Qe7 21. Qd2 Qf6 22. Re3 Nc7 23. Qe1 Qg7 24. Nd4 N7e6 25. Nce2 Ng5 26. Nf4 Qe5 27. h4 Nge6 28. Ndxe6 Nxe6 29. Nd3 Qh5 30. e5 Nd4 31. Nf4 Qxd1 32. Qxd1 dxe5 33. Nd3 f6 34. c3 Nf5 35. Re1 Be6 36. Qc2 Bd5 37. Nc5 Bxg2 38. Kxg2 b6 39. Ne4 Kf7 40. Rd1 Rd5 41. c4 Rxd1 42. Qxd1 Ke7 43. c5 Rd8 44. Qe1 bxc5 45. Qxa5 1-0

[Event "XTX Markets LCC Super Blitz-S2 2024"]
[Site "London"]
[Date "2024.12.07"]
[Round "7.1"]
[White "Stefansson, Vignir Vatnar"]
[Black "Vachier-Lagrave, Maxime"]
[Result "0-1"]
[Annotator "TA"]
[ECO "D78"]
[WhiteElo "2537"]
[BlackElo "2731"]
[PlyCount "42"]
[EventDate "2024.11.28"]
[EventType "tourn"]
[EventCountry "ENG"]
[SourceTitle "playchess.com"]
[Source "ChessBase"]
[SourceQuality "1"]
[TimeControl "180+2"]

1. d4 Nf6 2. c4 g6 3. g3 c6 4. Bg2 d5 5. Nf3 Bg7 6. O-O O-O 7. Qb3 a5 8. cxd5 a4 9. Qd1 cxd5 10. Nc3 {[%emt 0:00:02] The position is equal.} Ne4 11. Nxa4 Qa5 12. b3 (12. Nc3 $11 {is more appropriate.}) 12... b5 $15 13. Nb2 Nc6 $36 {[%emt 0:00:10][%cal Bb8c6,Bc6d4,Bd4e2,Be2c3][%mdl 2080] Black has the initiative.} 14. Bd2 $2 {[%emt 0:00:02] [#] White does not recover from this.} (14. e3 $11 {and White stays safe.}) 14... Nxd2 $19 15. Qxd2 (15. Nxd2 Nxd4 16. Nd3) 15... Qxd2 16. Nxd2 Nxd4 (16... Bxd4 $2 17. Bxd5 Ra6 (17... Bxb2 18. Bxc6 Ra5 19. Rab1 $11) 18. Rfb1 $19) 17. Bxd5 Ra7 {[%emt 0:00:01] Black is clearly winning.} ({Don't play} 17... Nxe2+ 18. Kg2 Ra7 19. Bf3) 18. Kg2 Rd8 ({Resist} 18... Nxe2 19. Bf3 Bxb2 20. Bxe2 Bxa1 21. Rxa1 Bb7+ 22. Kf1) 19. Be4 Nxe2 20. Nd3 Bxa1 21. Rxa1 Nc3 {[%emt 0:00:02] Weighted Error Value: White=0.90/Black=0.02 (flawless) .  Loses game:     	White=1     	---        Mistake:       	White=2     	---        Inaccurate:     	White=2     	---        OK:         	White=5     	Black=8      Best:        	---       	Black=3} 0-1

[Event "XTX Markets LCC Super Blitz-S2 2024"]
[Site "London"]
[Date "2024.12.07"]
[Round "7.2"]
[White "Jones, Gawain C B"]
[Black "Adams, Michael"]
[Result "0-1"]
[Annotator "ChessBase"]
[ECO "A09"]
[WhiteElo "2639"]
[BlackElo "2662"]
[PlyCount "122"]
[EventDate "2024.11.28"]
[EventType "tourn"]
[EventCountry "ENG"]
[SourceTitle "playchess.com"]
[Source "ChessBase"]
[SourceQuality "1"]
[TimeControl "180+2"]

1. Nf3 d5 2. c4 d4 3. b4 c5 4. g3 cxb4 5. a3 b3 6. d3 Nc6 7. Nbd2 e5 8. Nxb3 Be7 9. Bg2 Nf6 10. O-O O-O 11. e3 dxe3 12. Bxe3 Bf5 13. d4 exd4 14. Nfxd4 Nxd4 15. Nxd4 Be4 16. Bh3 Qc7 17. Qb3 b6 18. Rad1 Rad8 19. Nf5 Bc5 20. Bg5 Rxd1 21. Qxd1 Bxf5 22. Bxf5 Qe5 23. Qf3 g6 24. Bxf6 Qxf6 25. Be4 Qxf3 26. Bxf3 Rd8 27. Bd5 Re8 28. a4 Re2 29. g4 Rb2 30. Kg2 a5 31. h4 Kg7 32. Kf3 Ra2 33. Bc6 Rd2 34. Bd5 Rd3+ 35. Ke2 Rd4 36. Kf3 h5 37. gxh5 gxh5 38. Rg1+ Kf6 39. Rh1 Bd6 40. Ke3 Rg4 41. Kd3 Rf4 42. f3 Bc5 43. Be4 Ke5 44. Re1 Rxh4 45. Bd5+ Kf6 46. Re8 Rd4+ 47. Ke2 Rf4 48. Re4 Rf5 49. f4 h4 50. Kf3 Rh5 51. Kg4 Rh8 52. Re2 Bd6 53. Rh2 Rg8+ 54. Kf3 Rg3+ 55. Ke2 h3 56. Bb7 Bxf4 57. Bc8 Re3+ 58. Kf2 Re8 59. Rxh3 Rxc8 60. Kf3 Rxc4 61. Rh5 Rxa4 0-1